AoeStats
← Miss_Mulberry

Arabia

510521194Analyzed
1v1 RM · 1d ago on Oct 1, 2026· 25m 29s· 2 players
Game mode
Random Map
Map size
Tiny (2 player)
Population
200
Speed
Normal
Resources
Standard
Victory
Conquest
Starting age
Dark Age
Ending age
Imperial Age
RankedLock teamsTeams togetherTeam positionsShared explorationLock speedFull tech treeHidden civsTurbo modeCheats
Victory
Defeat
🇩🇪 Mapuche · Germany
925
+16
🇩🇪 Saracens · Germany
918
-16
Miss_Mulberry
6:10 Loom
9:29 Feudal Age
26:19 Castle Age
gephymapasa
7:34 Loom
10:40 Feudal Age
10:52 Champi Runner
11:53 Arson
12:39 Double-Bit Axe
15:03 Scale Mail Armor
15:59 Forging
16:22 Horse Collar
21:42 Castle Age
19:58 Fletching
22:49 Elite Skirmisher
23:21 Town Watch
23:42 Bodkin Arrow
23:48 Padded Archer Armor
24:15 Champi Warrior
25:29 Bow Saw
Connection lost

Rejoining the realm…

Still unreachable

The connection could not be restored.

Session expired

The server has moved on; the page needs a fresh start.